 Dungeon Sprint DCSS version 0.27-a0-203-gd48b2df3c9 (webtiles) character file.

Game seed: 14673579905194570864

25923 mhtbhm the Wrestler (level 13, -6/150 HPs)
             Began as a Merfolk Transmuter on Jan 30, 2021.
             Was the Champion of Sif Muna.
             Mangled by a merfolk impaler
             ... wielding a +0 trident of holy wrath
              (17 damage)
             ... in the Dungeon (Sprint IX: "|||||||||||||||||||||||||||||").
             The game lasted 00:09:27 (3330 turns).

mhtbhm the Wrestler (Merfolk Transmuter)            Turns: 3330, Time: 00:09:29

Health: -6/150     AC: 16    Str: 29    XL:     13   Next: 22%
Magic:  21/30      EV: 15    Int: 12    God:    Sif Muna [******]
Gold:   598        SH:  0    Dex: 14    Spells: 4/38 levels left

rFire    + + .     SeeInvis .     - Unarmed
rCold    x . .     Faith    .   (shield currently unavailable)
rNeg     . . .     Spirit   .   (armour currently unavailable)
rPois    +         Reflect  .   (helmet currently unavailable)
rElec    .         Harm     .   (cloak currently unavailable)
rCorr    .         Rampage  .   (gloves currently unavailable)
Will     .....     NoTele   +   (boots currently unavailable)
Stlth    +++.......             (no amulet)
HPRegen  0.35/turn              m - +3 ring of strength
MPRegen  0.22/turn              n - +2 ring of evasion

@: short of breath, dragon-form, flying
A: giant, (change form in water), (swift swim), (stealthy swim)
a: Breathe Fire, Stop Flying, End Transformation, Renounce Religion, Channel
Magic, Forget Spell, Divine Exegesis


You were in the Dungeon.
You worshipped Sif Muna.
Sif Muna was exalted by your worship.
You were a fearsome dragon!
You visited 1 branch You collected 1906 gold pieces.
You spent 1308 gold pieces at shops.

Inventory:

Armour
 a - a +0 robe (melded)
 k - a +0 pair of gloves (melded)
 l - a +0 cloak (melded)
Jewellery
 m - a +3 ring of strength (left foreclaw)
 n - a +2 ring of evasion (right foreclaw)
 A - an uncursed ring of willpower
 B - an uncursed ring of protection from cold
 C - an uncursed ring of see invisible
 D - an uncursed ring of ice
Wands
 j - a wand of iceblast (8)
 t - a wand of acid (1)
Scrolls
 g - 4 scrolls of remove curse
 h - 8 scrolls of blinking
 i - 3 scrolls of amnesia
 q - 2 scrolls of enchant weapon
 r - 3 scrolls of identify
 s - 2 scrolls of holy word
 u - a scroll of immolation
 v - a scroll of magic mapping
 z - a scroll of fog
 E - a scroll of fear
Potions
 b - a potion of invisibility
 c - 8 potions of curing
 d - 11 potions of heal wounds
 e - 3 potions of haste
 f - 4 potions of magic
 o - 4 potions of might
 w - a potion of mutation
 x - a potion of resistance
Miscellaneous
 p - a lightning rod (4/4)
 y - a phial of floods


   Skills:
 + Level 8.8 Fighting
 + Level 14.1 Dodging
 - Level 6.9 Stealth
 + Level 22.6 Unarmed Combat
 + Level 13.1 Spellcasting
 + Level 17.0 Transmutations
 + Level 6.2 Ice Magic
 + Level 7.1 Evocations


You had 4 spell levels left.
You knew the following spells:

 Your Spells              Type           Power        Failure   Level
a - Beastly Appendage     Tmut           96%          0%          1
b - Wereblood             Tmut           48%          0%          2
c - Spider Form           Tmut/Pois      14%          1%          3
d - Ice Form              Ice/Tmut       35%          1%          4
e - Blade Hands           Tmut           24%          1%          5
f - Hydra Form            Tmut           24%          1%          6
g - Dragon Form           Tmut           24%          7%          7
h - Statue Form           Tmut/Erth      18%          38%         6

Your spell library contained the following spells:

 Spells                   Type           Power        Failure   Level
 Sting                    Tmut/Pois      100%         1%          1
 Passwall                 Tmut/Erth      23%          1%          2
 Frozen Ramparts          Ice            44%          1%          3
 Ignite Poison            Fire/Tmut/Pois 21%          2%          3
 Petrify                  Tmut/Erth      28%          2%          4
 Ensorcelled Hibernation  Hex/Ice        30%          3%          2
 Magic Dart               Conj           28%          9%          1
 Searing Ray              Conj           14%          13%         2
 Sublimation of Blood     Necr           3%           13%         2
 Dazzling Flash           Conj/Hex       14%          26%         3
 Stone Arrow              Conj/Erth      14%          26%         3
 Tukima's Dance           Hex            7%           26%         3
 Animate Dead             Necr           3%           65%         4
 Cause Fear               Hex            3%           65%         4
 Fulminant Prism          Conj/Hex       3%           65%         4
 Iskenderun's Mystic Bla  Conj/Tloc      7%           65%         4
 Alistair's Intoxication  Tmut/Pois      18%          8%          5
 Irradiate                Conj/Tmut      14%          8%          5
 Yara's Violent Unravell  Hex/Tmut       14%          8%          5
 Eringya's Noxious Bog    Tmut/Pois      14%          38%         6
 Metabolic Englaciation   Hex/Ice        7%           56%         5
 Agony                    Necr           7%           94%         5
 Fireball                 Conj/Fire      3%           94%         5
 Lee's Rapid Deconstruct  Erth           3%           94%         5
 Summon Mana Viper        Hex/Summ       7%           94%         5
 Simulacrum               Ice/Necr       7%           98%         6
 Freezing Cloud           Conj/Ice/Air   6%           99%         6
 Ozocubu's Refrigeration  Ice            11%          99%         7
 Spellforged Servitor     Conj/Summ      3%           100%        7
 Borgnjor's Revivificati  Necr           3%           100%        8
 Necromutation            Tmut/Necr      14%          100%        8


Dungeon Overview and Level Annotations

Branches:
Dungeon (1/1)

Altars:
Cheibriados
Dithmenos
Elyvilon
Fedhas
Gozag
Hepliaklqana
Kikubaaqudgha
Makhleb
Nemelex Xobeh
Okawaru
Qazlal
Ru
Sif Muna
Trog
Uskayaw
Vehumet
Wu Jian
Xom
Yredelemnul
Zin
The Shining One
Beogh
Jiyva
Lugonu

Shops:
D ?*=!


Message History

The merfolk impaler hits you with a +0 demon trident.
* * * LOW HITPOINT WARNING * * *
The merfolk impaler hits you from afar with a +0 trident of holy wrath!
* * * LOW HITPOINT WARNING * * *
Unknown command.
Unknown command.
Unknown command.
You feel much better.
The merfolk impaler hits you but does no damage.
The merfolk impaler hits you from afar with a +0 trident of holy wrath!
* * * LOW HITPOINT WARNING * * *
You maul the merfolk impaler!!!!
You kill the merfolk impaler!
Sif Muna accepts your kill.
The merfolk impaler hits you from afar with a +0 trident of holy wrath.
* * * LOW HITPOINT WARNING * * *
Your Transmutations skill increases to level 17!
The merfolk impaler hits you but does no damage.
The merfolk impaler hits you with a +0 trident of holy wrath!
You die...

_▓.▓.▓.▓.▓.▓[▓.♣
_▓.▓÷▓.▓)▓.▓[▓.♣
_▓.▓÷▓.▓)▓.▓[▓.♣
_▓.▓÷▓.▓.▓.▓[▓.♣
_▓.▓.▓.▓.▓.▓[▓.♣+♣
_▓.▓.▓.▓.▓.▓[▓.▓.▓
_▓.▓.▓.▓.▓.▓.▓.▓.▓
_▓.▓.▓.▓.▓.▓)▓.▓m▓
_▓.▓'▓.▓.▓.▓)▓.▓D▓
_▓.▓.▓.▓.▓.▓)▓p▓)▓
_▓.▓.▓.▓[▓.▓)▓.▓:▓
_▓.▓.▓.▓)▓.▓)▓.▓†▓
_▓.▓.▓.▓)▓.▓)▓.▓†▓
'▓.▓.▓.▓)▓.▓)▓.▓)▓
.▓.▓(▓.▓)▓.▓)▓.▓'▓
.▓.▓.▓.▓)▓.▓.▓.▓.▓
.▓.▓.▓.▓'▓.▓.▓.▓.▓


You could see a merfolk impaler.

Vanquished Creatures
  Kirke (D)
  A stone giant (D)
  2 merfolk impalers (D)
  A great orb of eyes (D)
  Erolcha (D)
  2 rakshasas (D)
  A boulder beetle (D)
  A catoblepas (D)
  2 merfolk avatars (D)
  A centaur warrior (D)
  8 orc high priests (D)
  A necromancer (D)
  An orc knight (D)
  2 ugly things (D)
  A deep elf pyromancer (D)
  3 black mambas (D)
  Joseph (D)
  3 water nymphs (D)
  A gargoyle (D)
  A cane toad (D)
  A merfolk (D)
  2 polar bears (D)
  A blink frog (D)
  A raiju (shapeshifter) (D)
  A dream sheep (D)
  A shadow (D)
  2 wraiths (D)
  A wyvern (D)
  2 yaks (D)
  4 hogs (D)
  Grum (D)
  A basilisk (D)
  An acid dragon (D)
  5 water moccasins (D)
  9 orc warriors (D)
  A sky beast (D)
  6 black bears (D)
  3 wolves (D)
  3 centaurs (D)
  2 bullfrogs (D)
  2 wights (D)
  3 hounds (D)
  A jelly (D)
  11 orc priests (D)
  4 orc wizards (D)
  An ufetubus (D)
  6 orcs (D)
  A bat skeleton (D)
  A bat zombie (D)
  A hobgoblin (D)
  2 jackals (D)
  A bat (D)
  A frilled lizard (D)
  A rat (D)
119 creatures vanquished.

Notes
Turn   | Place    | Note
-------+----------+-------------------------------------------
     0 | D        | mhtbhm the Merfolk Transmuter began the quest for the Orb.
     0 | D        | Reached XP level 1. HP: 15/15 MP: 3/3
   165 | D        | Noticed a centaur
   165 | D        | Noticed a centaur
   165 | D        | Noticed a hound
   174 | D        | Killed a hound
   175 | D        | Reached skill level 5 in Unarmed Combat
   175 | D        | Reached XP level 2. HP: 8/22 MP: 3/6
   175 | D        | Reached XP level 3. HP: 10/27 MP: 3/7
   183 | D        | Reached skill level 6 in Unarmed Combat
   185 | D        | Killed a centaur
   186 | D        | Reached skill level 5 in Dodging
   186 | D        | Reached skill level 1 in Stealth
   186 | D        | Reached skill level 8 in Unarmed Combat
   186 | D        | Reached XP level 4. HP: 33/33 MP: 3/10
   186 | D        | Reached XP level 5. HP: 38/38 MP: 3/11
   189 | D        | Killed a centaur
   190 | D        | Reached skill level 9 in Unarmed Combat
   190 | D        | Reached skill level 5 in Transmutations
   202 | D        | Found a roughly hewn altar of Beogh.
   202 | D        | Found a snail-covered altar of Cheibriados.
   202 | D        | Found a shadowy altar of Dithmenos.
   202 | D        | Found a white marble altar of Elyvilon.
   202 | D        | Found a blossoming altar of Fedhas.
   202 | D        | Found an opulent altar of Gozag.
   203 | D        | Found a hazy altar of Hepliaklqana.
   204 | D        | Found a viscous altar of Jiyva.
   205 | D        | Found an ancient bone altar of Kikubaaqudgha.
   206 | D        | Found a corrupted altar of Lugonu.
   207 | D        | Found a burning altar of Makhleb.
   208 | D        | Found a sparkling altar of Nemelex Xobeh.
   209 | D        | Found an iron altar of Okawaru.
   210 | D        | Found a stormy altar of Qazlal.
   211 | D        | Found a sacrificial altar of Ru.
   212 | D        | Found a shimmering blue altar of Sif Muna.
   213 | D        | Found a bloodstained altar of Trog.
   214 | D        | Found a hide-covered altar of Uskayaw.
   215 | D        | Found a radiant altar of Vehumet.
   216 | D        | Found an ornate altar of the Wu Jian Council.
   217 | D        | Found a shimmering altar of Xom.
   218 | D        | Found a basalt altar of Yredelemnul.
   219 | D        | Found a glowing silver altar of Zin.
   220 | D        | Became a worshipper of Sif Muna the Loreminder
   221 | D        | Found a glowing golden altar of the Shining One.
   262 | D        | Learned a level 2 spell: Wereblood
   266 | D        | Learned a level 3 spell: Spider Form
   271 | D        | Learned a level 4 spell: Ice Form
   271 | D        | Noticed a wyvern
   271 | D        | Noticed a centaur
   279 | D        | Reached skill level 5 in Spellcasting
   279 | D        | Reached XP level 6. HP: 46/46 MP: 6/13
   279 | D        | Reached * piety under Sif Muna
   280 | D        | Reached skill level 10 in Unarmed Combat
   287 | D        | Killed a wyvern
   288 | D        | Reached skill level 11 in Unarmed Combat
   288 | D        | Reached XP level 7. HP: 51/51 MP: 7/16
   288 | D        | Reached ** piety under Sif Muna
   360 | D        | Learned a level 5 spell: Blade Hands
   496 | D        | Noticed a wraith
   496 | D        | Noticed a centaur warrior
   496 | D        | Noticed a gargoyle
   501 | D        | Killed a gargoyle
   502 | D        | Reached skill level 13 in Unarmed Combat
   502 | D        | Reached XP level 8. HP: 22/58 MP: 10/18
   505 | D        | Killed a centaur warrior
   506 | D        | Reached skill level 14 in Unarmed Combat
   506 | D        | Reached skill level 10 in Transmutations
   506 | D        | Reached *** piety under Sif Muna
   519 | D        | Killed a wraith
   520 | D        | Reached skill level 1 in Evocations
   520 | D        | Reached XP level 9. HP: 32/64 MP: 7/20
   780 | D        | Noticed a black mamba
   783 | D        | Reached **** piety under Sif Muna
   795 | D        | Reached skill level 10 in Dodging
   795 | D        | Reached skill level 15 in Unarmed Combat
   795 | D        | Reached ***** piety under Sif Muna
   795 | D        | Killed a black mamba
   795 | D        | Identified Sif Muna's Guide on Dusty Unholy Rites (Sif Muna
                  | gifted it to you in the Dungeon)
   795 | D        | Received a gift from Sif Muna
   796 | D        | Reached skill level 1 in Ice Magic
  1280 | D        | Noticed a catoblepas
  1280 | D        | Noticed a cane toad
  1282 | D        | Noticed a black mamba
  1304 | D        | Killed a cane toad
  1305 | D        | Reached skill level 16 in Unarmed Combat
  1305 | D        | Reached XP level 10. HP: 73/73 MP: 19/22
  1313 | D        | Killed a catoblepas
  1314 | D        | Reached skill level 5 in Fighting
  1314 | D        | Reached skill level 5 in Stealth
  1317 | D        | Noticed a black mamba
  1319 | D        | Killed a black mamba
  1332 | D        | Killed a black mamba
  1332 | D        | Identified Sif Muna's Almanac of Curses (Sif Muna gifted it
                  | to you in the Dungeon)
  1332 | D        | Received a gift from Sif Muna
  1752 | D        | Reached skill level 17 in Unarmed Combat
  1767 | D        | Identified Sif Muna's Incunabulum of Conjuration and Ice
                  | (Sif Muna gifted it to you in the Dungeon)
  1767 | D        | Received a gift from Sif Muna
  1910 | D        | Noticed Erolcha
  1919 | D        | Killed Erolcha
  1920 | D        | Reached skill level 10 in Spellcasting
  1920 | D        | Reached XP level 11. HP: 81/81 MP: 20/25
  1933 | D        | Noticed Grum
  1942 | D        | Killed Grum
  1995 | D        | Noticed an orc knight
  1998 | D        | Reached ****** piety under Sif Muna
  1998 | D        | Identified Vute's Collected Works on Shifting Snow (Sif
                  | Muna gifted it to you in the Dungeon)
  1998 | D        | Received a gift from Sif Muna
  2003 | D        | Killed an orc knight
  2004 | D        | Reached skill level 18 in Unarmed Combat
  2004 | D        | Reached skill level 5 in Evocations
  2055 | D        | Noticed an orc high priest
  2057 | D        | Identified Sif Muna's Grimoire of Evil and Transmutation
                  | (Sif Muna gifted it to you in the Dungeon)
  2057 | D        | Received a gift from Sif Muna
  2059 | D        | Killed an orc high priest
  2060 | D        | Noticed an orc high priest
  2080 | D        | Killed an orc high priest
  2090 | D        | Received a gift from Sif Muna
  2468 | D        | Learned a level 6 spell: Hydra Form
  2470 | D        | Found Dasa's Distillery.
  2470 | D        | Noticed an orc high priest
  2470 | D        | Noticed an orc high priest
  2474 | D        | Found Houmusut's Jewellery Shop.
  2474 | D        | Noticed an orc high priest
  2477 | D        | Killed an orc high priest
  2481 | D        | Noticed a sixfirhy
  2484 | D        | Found Tigaos's General Store.
  2486 | D        | Killed an orc high priest
  2487 | D        | Reached skill level 19 in Unarmed Combat
  2489 | D        | Noticed an orc high priest
  2489 | D        | Found Ranaach's Magic Scroll Shop.
  2492 | D        | Noticed an orc high priest
  2493 | D        | Killed an orc high priest
  2493 | D        | Identified Sif Muna's Catalogue of the Ashen Frostbite (Sif
                  | Muna gifted it to you in the Dungeon)
  2493 | D        | Received a gift from Sif Muna
  2494 | D        | Reached skill level 15 in Transmutations
  2498 | D        | Noticed an orc high priest
  2499 | D        | Killed an orc high priest
  2500 | D        | Reached skill level 5 in Ice Magic
  2503 | D        | Killed an orc high priest
  2504 | D        | Reached XP level 12. HP: 91/91 MP: 22/27
  2509 | D        | Killed an orc high priest
  2546 | D        | Bought a scroll of immolation for 49 gold pieces
  2546 | D        | Bought 2 potions of heal wounds for 140 gold pieces
  2548 | D        | Bought a scroll of magic mapping for 45 gold pieces
  2554 | D        | Bought a potion of heal wounds for 50 gold pieces
  2554 | D        | Bought a potion of mutation for 80 gold pieces
  2554 | D        | Bought a potion of resistance for 100 gold pieces
  2554 | D        | Bought a potion of curing for 30 gold pieces
  2554 | D        | Bought a potion of heal wounds for 50 gold pieces
  2554 | D        | Bought a potion of curing for 30 gold pieces
  2554 | D        | Bought a potion of might for 40 gold pieces
  2560 | D        | Bought a phial of floods for 560 gold pieces
  2560 | D        | Bought a potion of might for 56 gold pieces
  2562 | D        | Bought a scroll of identify for 26 gold pieces
  2562 | D        | Bought a scroll of identify for 26 gold pieces
  2562 | D        | Bought a scroll of fog for 26 gold pieces
  2698 | D        | Noticed Joseph
  2709 | D        | Killed Joseph
  2710 | D        | Reached skill level 20 in Unarmed Combat
  2846 | D        | Learned a level 7 spell: Dragon Form
  2847 | D        | Noticed a boulder beetle
  2851 | D        | Received a gift from Sif Muna
  2856 | D        | Killed a boulder beetle
  2857 | D        | Noticed a rakshasa
  2871 | D        | Noticed a stone giant
  2874 | D        | Noticed a great orb of eyes
  2875 | D        | Killed a rakshasa
  2875 | D        | Noticed a rakshasa
  2879 | D        | Identified Epiuc's Volume of Conjuration and Changing (Sif
                  | Muna gifted it to you in the Dungeon)
  2879 | D        | Received a gift from Sif Muna
  2881 | D        | Killed a stone giant
  2882 | D        | Reached skill level 21 in Unarmed Combat
  2884 | D        | Killed a great orb of eyes
  2889 | D        | Killed a rakshasa
  3163 | D        | Learned a level 6 spell: Statue Form
  3188 | D        | Noticed Kirke
  3192 | D        | Received a gift from Sif Muna
  3196 | D        | Killed Kirke
  3302 | D        | Noticed a merfolk avatar
  3302 | D        | Noticed a merfolk impaler
  3302 | D        | Noticed a merfolk avatar
  3305 | D        | Killed a merfolk impaler
  3306 | D        | Reached skill level 22 in Unarmed Combat
  3306 | D        | Reached XP level 13. HP: 99/99 MP: 25/29
  3312 | D        | Noticed a merfolk impaler
  3312 | D        | Noticed a merfolk impaler
  3317 | D        | Identified Sif Muna's Guide on Weightlessness and Stolen
                  | Souls (Sif Muna gifted it to you in the Dungeon)
  3317 | D        | Received a gift from Sif Muna
  3329 | D        | Killed a merfolk impaler
  3330 | D        | Mangled by a merfolk impaler

Illustrated notes

Levels and vault maps discovered:
D:        linesprint [early_d, line_temple, items_1, d_10, items_2, lair_1,
          lair_end, items_3, orc_1, orc_end, items_4, d_15, swamp_1, shoals_1,
          snake_1, spider_1, d_20, vaults_1, items_5, swamp_end, shoals_end,
          snake_end, spider_end, vaults_end, d_27, items_6, zot_1, zot_end,
          crypt_end, forest_end, elf_end, slime_end, tomb_end, abyss_end,
          pan_hell_end]

Skill      XL: |  1  2  3  4  5  6  7  8  9 10 11 12 13 |
---------------+----------------------------------------+-----
Dodging        | 4 5 6 8 9 10 11 12 13 14 | 14.1
Transmutations | 3 4 5 7 8 10 12 13 15 16 17 | 17.0
Unarmed Combat | 5 8 9 11 13 14 16 17 19 22 | 22.6
Spellcasting   | 3 4 5 6 7 8 10 11 12 13 | 13.1
Fighting       | 2 3 4 6 7 8 |  8.8
Stealth        | 1 2 3 4 5 6 |  6.9
Evocations     | 1 2 4 6 7 |  7.1
Ice Magic      | 1 3 5 6 |  6.2

Action                   |  1- 3 |  4- 6 |  7- 9 | 10-12 | 13-15 || total
-------------------------+-------+-------+-------+-------+-------++-------
Melee: Unarmed           |    36 |    16 |    37 |   165 |    15 ||   269
       Punch             |     2 |       |     2 |     3 |       ||     7
       Headbutt          |     1 |     1 |       |       |       ||     2
       Bite              |       |       |       |     6 |       ||     6
       Tailslap          |       |       |       |     4 |     2 ||     6
 Cast: Beastly Appendage |     2 |       |       |       |     1 ||     3
       Wereblood         |       |     1 |     3 |     5 |       ||     9
       Ice Form          |       |     1 |     2 |     6 |       ||     9
       Blade Hands       |       |       |     2 |       |       ||     2
       Hydra Form        |       |       |       |     2 |       ||     2
       Dragon Form       |       |       |       |     3 |     1 ||     4
 Abil: Breathe Fire      |       |       |       |     4 |     1 ||     5
Evoke: Wand              |       |       |     2 |       |       ||     2
       Lightning rod     |       |       |     4 |    16 |       ||    20
  Use: Potion            |     2 |       |     2 |     1 |     1 ||     6
 Stab: Sleeping          |     1 |       |       |     1 |       ||     2
Armor: Skin              |       |     4 |     1 |     8 |     8 ||    21
       Robe              |       |       |     2 |       |       ||     2
Dodge: Dodged            |    37 |    14 |    17 |    92 |     7 ||   167

Table legend: (Time is in decaauts)
 A = Elapsed time spent in this place.
 B = Non-inter-level travel time spent in this place.
 C = Inter-level travel time spent in this place.
 D = Time resting spent in this place.
 E = Time spent auto-exploring this place.
 F = Levels seen in this place.
 G = Mean time per level.
                   A        B        C        D        E       F      G
               +--------+--------+--------+--------+--------+-----+--------+
         Total |   3258 |   3258 |      0 |   1718 |    560 |   1 | 3258.0 |
       Dungeon |   3258 |   3258 |      0 |   1718 |    560 |   1 | 3258.0 |
               +--------+--------+--------+--------+--------+-----+--------+

Top non-repeatable levels by time:
       D: 3258 daAuts
